AoeStats
← niparrara

Arabia

510555601Analyzed
1v1 RM · 21h ago on Oct 1, 2026· 19m 58s· 2 players
Game mode
Random Map
Map size
Tiny (2 player)
Population
200
Speed
Normal
Resources
Standard
Victory
Conquest
Starting age
Dark Age
Ending age
Imperial Age
RankedLock teamsTeams togetherTeam positionsShared explorationLock speedFull tech treeHidden civsTurbo modeCheats
Victory
Defeat
🇨🇳 Romans · China
834
+15
🇨🇴 Chinese · Colombia
809
-15
niparrara
0:25 Loom
12:24 Feudal Age
16:18 Double-Bit Axe
59351599
5:18 Loom
10:12 Feudal Age
10:20 Man-at-Arms
12:07 Scale Mail Armor
19:46 Castle Age
18:09 Scale Barding Armor
18:04 Horse Collar
18:18 Double-Bit Axe
Connection lost

Rejoining the realm…

Still unreachable

The connection could not be restored.

Session expired

The server has moved on; the page needs a fresh start.